 Dungeon Crawl Stone Soup version 0.17-a0-737-gf0a300a (webtiles) character file.

25 MackTheKnife the Cudgeler (level 3, -1/19 HPs)
             Began as a Vine Stalker Berserker on May 9, 2015.
             Was a Follower of Trog.
             Slain by a goblin
             ... wielding a +0 club
              (2 damage)
             ... on level 2 of the Dungeon.
             The game lasted 00:00:55 (132 turns).

MackTheKnife the Cudgeler (Vine Stalker Berserker)   Turns: 132, Time: 00:00:55

Health: -1/19      AC:  6    Str: 19    XL:     3   Next: 6%
Magic:  0/4        EV: 11    Int:  7    God:    Trog [*.....]
Gold:   0          SH:  0    Dex: 14    Spells: 0 memorised, 2 levels left

rFire  . . .     SeeInvis .     a - +0 mace
rCold  . . .     Clarity  .     d - +0 ring mail
rNeg   . . .     SustAb   .     (no shield)
rPois  .         Gourm    .     (no helmet)
rElec  .         Spirit   +     (no cloak)
rCorr  .         Warding  .     (no gloves)
rMut   .         Stasis   .     (no boots)
MR     .....                    (no amulet)
Stlth  +.........               (no ring)
                                (no ring)

@: exhausted, very slightly contaminated, hasted and slowed, not resistant to
hostile enchantments, very unstealthy
A: fangs 2, regeneration 1, shaggy fur 1, magic shield, antimagic bite, no
device heal 3, rot immunity
a: Burn Spellbooks, Berserk, Renounce Religion


You were on level 2 of the Dungeon.
You worshipped Trog.
Trog was aware of your devotion.
You were not hungry.

You visited 1 branch of the dungeon, and saw 2 of its levels.

Inventory:

Hand weapons
 a - a +0 mace (weapon)
Armour
 b - a +0 animal skin
 d - a +0 ring mail (worn)
   (You found it on level 1 of the Dungeon)
Comestibles
 c - a bread ration {@e1}


   Skills:
 - Level 2.6 Fighting
 + Level 3.7 Maces & Flails
 - Level 1.5 Armour
 - Level 1.5 Dodging


You had 2 spell levels left.
You didn't know any spells.

Dungeon Overview and Level Annotations

Branches:
Dungeon (2/15)

Altars:

Annotations:
D:2 Robin


Innate Abilities, Weirdness & Mutations

You have extremely sharp teeth.
Your natural rate of healing is unusually fast.
You are covered in fur (AC +1).
When hurt, damage is shared between your health and your magic reserves.
Your bite disrupts and absorbs the magic of your enemies.
Potions and wands cannot restore your health.
You are immune to rotting.


Message History

Trog accepts your kill.
You have reached level 3!
Your experience leads to an increase in your attributes!
Your base attributes are Str 19, Int 7, Dex 13.
Increase (S)trength, (I)ntelligence, or (D)exterity?
You feel agile.
You are no longer berserk.
You are exhausted.
You feel yourself slow down. The goblin barely misses you.
Robin roars a battlecry!
The goblins go into a battle-frenzy!
The goblin hits you but does no damage.
You now have 19/19 hp.
Unknown command.
You closely miss the goblin. You bite the goblin. You drain its power.
You kill the goblin!
Trog accepts your kill.
The goblin unwields an uncursed hunting sling.
The goblin wields an uncursed club.
The goblin closely misses you. Robin throws the goblin at you!
The goblin closely misses you. The goblin barely misses you. x3
Robin hits you but does no damage.
Read which item? (? for menu, Esc to quit)
As you read the scroll labeled BYC MIOCWIETH, it crumbles to dust.
You feel blessed for a moment.
It was a scroll of remove curse.
The goblin hits you. The goblin barely misses you.
The goblin closely misses you. The goblin hits you but does no damage.
The goblin barely misses you. The goblin hits you but does no damage.
You take 1 damage, and have 18/19 hp.
Read which item? (? for menu, Esc to quit)
As you read the scroll labeled JEPHOH ROWNO, it crumbles to dust.
It is a scroll of identify.
Identify which item? (\ to view known items) (? for menu, Esc to quit)
e - a potion of haste The goblin barely misses you.
Robin barely misses you. The goblin hits you but does no damage.
The goblin barely misses you. The goblin closely misses you.
The goblin hits you with a club. The goblin misses you.
You take 1 damage, and have 17/19 hp.
You now have 3/4 mp.
Unknown command.
Drink which item? (? for menu, Esc to quit)
You feel yourself speed up. Robin hits you but does no damage.
The goblin completely misses you. The goblin hits you.
The goblin hits you but does no damage. x3
Robin says, "Kneel, worm!"
Robin hits you from afar with a spear. The goblin barely misses you.
The goblin barely misses you. The goblin misses you.
You are very lightly contaminated with residual magic.
You take 6 damage, and have 11/19 hp.
MASSIVE DAMAGE!!
You now have 2/4 mp.
You hit the goblin. The goblin barely misses you.
The goblin completely misses you. Robin hits you but does no damage.
The goblin hits you but does no damage. The goblin hits you.
The goblin closely misses you.
You closely miss the goblin. Your bite misses the goblin.
The goblin closely misses you. x2
The goblin barely misses you. The goblin hits you but does no damage.
Robin hits you but does no damage. The goblin closely misses you.
The goblin barely misses you.
You hit the goblin. Your bite misses the goblin. The goblin barely misses you.
The goblin misses you. The goblin hits you with a club. Robin misses you.
The goblin hits you with an uncursed club.
The goblin closely misses you.
You take 4 damage, and have 7/19 hp.
MASSIVE DAMAGE!!
You hit the goblin.
You kill the goblin!
Trog accepts your kill.
The goblin hits you but does no damage. x2
The goblin hits you. The goblin hits you but does no damage.
The goblin hits you with a dagger. The goblin hits you but does no damage.
The goblin closely misses you.
You now have 1/4 mp.
You closely miss the goblin. Your bite misses the goblin.
The goblin hits you but does no damage. The goblin closely misses you.
The goblin barely misses you. The goblin closely misses you.
Robin hits you but does no damage. The goblin closely misses you.
You closely miss the goblin. The goblin hits you.
* * * LOW HITPOINT WARNING * * *
The goblin hits you but does no damage. x2
The goblin misses you. The goblin closely misses you.
The goblin hits you with a club.
You take 3 damage, and have 4/19 hp.
You now have 0/4 mp.
You hit the goblin. The goblin hits you but does no damage.
The goblin hits you.
* * * LOW HITPOINT WARNING * * *
The goblin hits you but does no damage. x2
The goblin barely misses you.
You take 2 damage, and have 2/19 hp.
Unknown command.
You closely miss the goblin. Your bite misses the goblin.
The goblin barely misses you. The goblin hits you.
* * * LOW HITPOINT WARNING * * *
Robin roars a battlecry!
The goblins go into a battle-frenzy!
Robin misses you. The goblin hits you but does no damage.
The goblin hits you with an uncursed club.
You die...

#. #....#
##. ....
###..####..#
...........#
#..........#
##.......(##
#.....g..#
#....ggg.#
#....#@#.#
#.#.ggg#.#
#....ggg..#
#.......###
#........
....#...
.......
..#.##. .


You could see Robin, 2 hobgoblins and 7 goblins.

Vanquished Creatures
  An adder (D:2)
  An ooze (D:1)
  2 hobgoblins
  4 goblins
  2 kobolds (D:1)
  2 rats (D:1)
12 creatures vanquished.

Notes
Turn   | Place    | Note
--------------------------------------------------------------
     0 | D:1      | MackTheKnife, the Vine Stalker Berserker, began the quest for the Orb.
     0 | D:1      | Reached XP level 1. HP: 11/11 MP: 2/2
    55 | D:1      | Reached skill level 3 in Maces & Flails
    55 | D:1      | Reached XP level 2. HP: 16/16 MP: 3/3
   116 | D:2      | Noticed Robin
   120 | D:2      | Reached XP level 3. HP: 19/19 MP: 4/4
   130 | D:2      | HP: 4/19 [goblin[Robin] (3)]
   132 | D:2      | HP: 1/19 [goblin[Robin] (1)]
   132 | D:2      | Slain by a goblin

Action                   || total
-------------------------++-------
Melee: Mace              ||    31
Invok: Berserk           ||     1
  Use: Scroll            ||     2
       Potion            ||     1

Vault maps used:
D:1:      dpeg_arrival_windows_large_door, kennysheep_flooded_box
D:2:      lemuel_round_altar, uniq_iyjb, uniq_robin

Table legend:
 A = Turns spent in this place as a percentage of turns spent in the entire game.
 B = Non-inter-level travel turns spent in this place as a percentage of non-inter-level travel turns spent in the entire game.
 C = Inter-level travel turns spent in this place as a percentage of turns spent in this place.
 D = Turns resting spent in this place as a percentage of non-inter-level travel turns spent in this place.
 E = Turns spent auto-exploring this place as a percentage of non-inter-level travel turns spent in this place.
 F = Non-inter-level travel turns spent in this place divided by the number of levels of this place that you've seen.
                   A       B       C       D       E      F
               +-------+-------+-------+-------+-------+----------------------
         Total | 100.0 | 100.0 |   0.0 |   0.0 |   0.0 |  64.0
       Dungeon | 100.0 | 100.0 |   0.0 |   0.0 |   0.0 |  64.0
               +-------+-------+-------+-------+-------+----------------------

Table legend:
 A = Kills in this place as a percentage of kills in entire the game.
 B = Kills by you in this place as a percentage of kills by you in the entire game.
 C = Kills by friends in this place as a percentage of kills by friends in the entire game.
 D = Other kills in this place as a percentage of other kills in the entire game.
 E = Experience gained in this place as a percentage of experience gained in the entire game.
 F = Experience gained in this place divided by the number of levels of this place that you have seen.
                   A       B       C       D       E      F
               +-------+-------+-------+-------+-------+----------------------
         Total | 100.0 | 100.0 |  -nan |  -nan | 100.0 |  18.5
       Dungeon | 100.0 | 100.0 |  -nan |  -nan | 100.0 |  18.5
               +-------+-------+-------+-------+-------+----------------------
